 Dungeon Crawl Stone Soup version 0.17-a0-1946-gfb768fe (webtiles) character file.

30 HungrySpirit the Charmwright (level 3, 0/27 HPs)
             Began as a Vampire Skald on Oct 1, 2015.
             Slain by a goblin
             ... wielding a +2 dagger of flaming
              (1 damage)
             ... on level 2 of the Dungeon.
             The game lasted 00:01:32 (826 turns).

HungrySpirit the Charmwright (Vampire Skald)         Turns: 826, Time: 00:01:33

Health: 0/27       AC:  3    Str: 16    XL:     3   Next: 5%
Magic:  6/6        EV: 11    Int: 14    God:
Gold:   106        SH:  0    Dex: 14    Spells: 1 memorised, 5 levels left

rFire  . . .     SeeInvis +     l - +0 dagger (drain)
rCold  . . .     Clarity  .     b - +0 leather armour
rNeg   . . .     SustAt   .     (no shield)
rPois  .         Gourm    .     (no helmet)
rElec  .         Spirit   .     (no cloak)
rCorr  .         Warding  .     (no gloves)
rMut   .         Stasis   .     (no boots)
MR     .....                    (no amulet)
Stlth  +.........               (no ring)
                                (no ring)

@: mighty, regenerating quickly, not resistant to hostile enchantments, very
unstealthy
A: fangs 3, see invisible, unbreathing
a: no special abilities


You were on level 2 of the Dungeon.
You were full.

You visited 1 branch of the dungeon, and saw 2 of its levels.

You collected 106 gold pieces.

Inventory:

Hand weapons
 a - a +0 short sword
 l - a +0 dagger of draining (weapon)
Armour
 b - a +0 leather armour (worn)
Scrolls
 g - a scroll of immolation {unknown}
 i - 3 scrolls of fog {unknown}
 j - a scroll of blinking {unknown}
 k - 2 scrolls of remove curse {unknown}
 m - a scroll of recharging {unknown}
Potions
 d - a potion of blood
 e - a potion of curing {unknown}
 f - a potion of degeneration {unknown}
 n - a potion of cancellation
 o - a potion of haste {unknown}
Books
 c - a book of Battle

   Spells                             Type                      Level
   a - Infusion                       Charms                       1
   b - Shroud of Golubria             Charms/Translocation         2
   c - Song of Slaying                Charms                       2
   d - Spectral Weapon                Hexes/Charms                 3
   e - Regeneration                   Charms/Necromancy            3


   Skills:
 - Level 1.7 Fighting
 * Level 3.2 Short Blades
 - Level 0.7 Armour
 + Level 1.4 Dodging
 + Level 2.3 Spellcasting
 + Level 3.4 Charms


You had 5 spell levels left.
You knew the following spells:

 Your Spells              Type           Power        Failure   Level  Hunger
a - Infusion              Chrm           ##....       10%         1    #......


Dungeon Overview and Level Annotations

Branches:
Dungeon (2/15)

Altars:
Ashenzari
Gozag
Ru

Annotations:
D:2 Natasha


Innate Abilities, Weirdness & Mutations

Your natural rate of healing is unusually fast.
You have razor-sharp teeth.
You have supernaturally acute eyesight.
You can survive without breathing.


Message History

You hit the goblin.
The goblin is severely wounded.
Natasha claws you.
* * * LOW HITPOINT WARNING * * *
The goblin hits you with a dagger of flaming.
* * * LOW HITPOINT WARNING * * *
The goblin burns you.
* * * LOW HITPOINT WARNING * * *
Unknown command.
Drink which item? (? for menu, Esc to quit)
It was a potion of cancellation.
You feel magically purged. Natasha completely misses you.
The goblin closely misses you.
Drink which item? (? for menu, Esc to quit)
It was a potion of might.
You feel very mighty all of a sudden.
Natasha mumbles some strange words.
The goblin hits you with a dagger of flaming.
* * * LOW HITPOINT WARNING * * *
The goblin burns you.
You die...

# ###### # #....# #####
#....# ....# #....#
....############ #....#
...............# #....#
.............>># #....####
†..............####.....%..
................@h..##.####
................5g..#
....####.######.....#
......##'######.....#
...##.#......##.....#
...##.#......##.....#
...##.#......##.....#
...##.##.######.....#
...##.##.## #.....#


You could see Natasha, a crimson imp and a goblin.

Vanquished Creatures
  An adder (D:2)
  2 giant geckos (D:1)
  3 bats (D:1)
  3 giant cockroaches
  4 kobolds
  2 giant newts (D:1)
  3 goblins
  A rat (D:1)
19 creatures vanquished.

Notes
Turn   | Place    | Note
--------------------------------------------------------------
     0 | D:1      | HungrySpirit the Vampire Skald began the quest for the Orb.
     0 | D:1      | Reached XP level 1. HP: 16/16 MP: 3/3
   163 | D:1      | Reached XP level 2. HP: 19/22 MP: 5/5
   599 | D:2      | Found a sacrificial altar of Ru.
   693 | D:2      | Reached XP level 3. HP: 25/27 MP: 3/6
   704 | D:2      | Found a shattered altar of Ashenzari.
   740 | D:2      | Found an opulent altar of Gozag.
   815 | D:2      | Noticed Natasha
   826 | D:2      | HP: 1/27 [goblin/dagger of flaming (2)]
   826 | D:2      | Slain by a goblin

Vault maps used:
D:1:      minmay_arrival_diagonal_passages, minivault_19,
          kennysheep_nondescript, minmay_curled_crystal, minmay_hedge_maze
D:2:      nicolae_overflow_crystal_walls, nicolae_gozag_seed_capital,
          ashenzari_altar_1, first_bread, uniq_natasha

Action                   || total
-------------------------++-------
Melee: Short sword       ||    41
       Dagger            ||    26
 Cast: Infusion          ||     1
  Use: Potion            ||     2
 Stab: Sleeping          ||     1
  Eat: Corpse            ||     6
